 Dungeon Crawl Stone Soup version 0.31-a0-117-g42d8f58691 (webtiles) character file.

Game seed: 4569347525092875234

1038 zazu2006 the Changer (level 8, -6/90 HPs)
             Began as a Gnoll Wanderer on May 31, 2023.
             Mangled by a centaur
             ... wielding the +5 hand axe "With Two Names" {heavy, rN++ MP+9 Str-4}
              (14 damage)
             ... on level 6 of the Dungeon.
             The game lasted 00:14:17 (5765 turns).

zazu2006 the Changer (Gnoll Wanderer)               Turns: 5765, Time: 00:14:18

Health: -6/90      AC:  7    Str: 11    XL:     8   Next: 24%
Magic:  11/14      EV: 12    Int: 20    God:
Gold:   247        SH:  0    Dex: 12    Spells: 9/15 levels left

rFire   . . .        w - +0 dagger (venom)
rCold   . . .        (no shield)
rNeg    . . .        d - +0 robe
rPois   .            o - +0 helmet
rElec   .            q - +2 cloak
rCorr   .            e - +0 pair of gloves
SInv    .            (no boots)
Will    .....        (no amulet) Stlth
                     r - +6 ring of intelligence
HPRegen 0.35/turn    (no ring)
MPRegen 0.14/turn

%: no passive effects
@: berserking, very quick
A: fangs 1, strong nose, distributed training
a: no special abilities


You were on level 6 of the Dungeon.
You visited 1 branch of the dungeon, and saw 6 of its levels.

You collected 247 gold pieces.

Inventory:

Hand Weapons
 w - a +0 dagger of venom (weapon)
 y - a +0 falchion
Missiles
 a - 2 datura-tipped darts
 b - 6 poisoned darts (quivered)
 g - 5 atropa-tipped darts
 k - a throwing net
Armour
 d - a +0 robe (worn)
 e - a +0 pair of gloves (worn)
 o - a +0 helmet (worn)
 q - a +2 cloak (worn)
Jewellery
 r - a +6 ring of intelligence (left hand)
 A - a ring of fire
 B - a ring of poison resistance
Wands
 l - a wand of polymorph (5)
 x - a wand of digging (5)
Scrolls
 f - 5 scrolls of teleportation {unknown}
 n - 6 scrolls of identify {unknown}
 p - 2 scrolls of fear {unknown}
 t - a scroll of magic mapping {unknown}
 u - a scroll of amnesia {unknown}
 v - a scroll of torment {unknown}
Potions
 h - 2 potions of heal wounds {unknown}
 i - 3 potions of attraction {unknown}
 j - 2 potions of curing {unknown}
 m - a potion of haste {unknown}
 s - a potion of might {unknown}
 z - a potion of lignification {unknown}
 C - a potion of degeneration {unknown}


   Skills:
 + Level 4.2 Fighting
 + Level 3.2 Short Blades
 + Level 3.2 Long Blades
 + Level 3.2 Axes
 + Level 3.2 Maces & Flails
 + Level 3.2 Polearms
 + Level 3.2 Staves
 + Level 3.2 Ranged Weapons
 + Level 5.6 Throwing
 + Level 3.2 Armour
 + Level 3.2 Dodging
 + Level 3.2 Stealth
 + Level 3.2 Shields
 + Level 3.2 Unarmed Combat
 + Level 4.3 Spellcasting
 + Level 2.6 Conjurations
 + Level 2.6 Hexes
 + Level 2.6 Summonings
 + Level 2.6 Necromancy
 + Level 4.6 Translocations
 + Level 7.6 Transmutations
 + Level 2.6 Fire Magic
 + Level 2.6 Ice Magic
 + Level 2.6 Air Magic
 + Level 2.6 Earth Magic
 + Level 2.6 Poison Magic
 + Level 3.5 Invocations
 + Level 3.2 Evocations


You had 9 spell levels left.
You knew the following spells:

 Your Spells              Type           Power      Damage    Failure   Level
a - Sting                 Tmut/Pois      96%        1d7       1%          1
b - Blink                 Tloc           46%        N/A       2%          2
c - Dazzling Flash        Conj/Hex       28%        N/A       13%         3

Your spell library contained the following spells:

 Spells                   Type           Power      Damage    Failure   Level
 Apportation              Tloc           46%        N/A       1%          1
 Lesser Beckoning         Tloc           46%        N/A       2%          2
 Foxfire                  Conj/Fire      56%        2x1d6     4%          1
 Spider Form              Tmut/Pois      24%        N/A       4%          3
 Volatile Blastmotes      Fire/Tloc      38%        2d13      9%          3
 Iskenderun's Mystic Bla  Conj/Tloc      19%        2d6       26%         4
 Starburst                Conj/Fire      7%         6d4       100%        6


Dungeon Overview and Level Annotations

Branches:
Dungeon (6/15)
 Temple: D:4-7

Altars:
Ashenzari
Dithmenos
Elyvilon

Shops:
D:1 =   D:5 :

Annotations:
D:6 Grinder


Innate Abilities, Weirdness & Mutations

You have very sharp teeth.
Your uncanny sense of smell can sniff out nearby items.
Your experience applies equally to all skills.


Message History

Casting: Sting (safe; 1% risk of failure)
Confirm with . or Enter, or press ? or * to list all spells.
Aiming: Sting (safe; 1% risk of failure)
Press: ? - help, Shift-Dir - straight line, f - kobold
Aim: a kobold, wielding a +0 short sword (70% to hit)
The sting hits the kobold.
The kobold is poisoned.
You kill the kobold!
The centaur shoots an arrow.
The arrow closely misses you.
The centaur shoots an arrow.
The arrow hits you.
Found a shadowy altar of Dithmenos.
The centaur unwields a +0 shortbow.
The centaur wields the +5 hand axe "With Two Names" {heavy, rN++ MP+9 Str-4}.
The centaur completely misses you. The centaur closely misses you.
The centaur barely misses you.
The centaur kicks you but does no damage.
Casting: Sting (safe; 1% risk of failure)
Confirm with . or Enter, or press ? or * to list all spells.
Casting: Dazzling Flash (dangerous; 13% risk of failure)
Press: ? - help, Dir - look around, f - activate The centaur is dazzled.
The centaur hits you with the +5 hand axe "With Two Names" {heavy, rN++ MP+9 Str-4}!
The centaur closely misses you.
Grinder comes into view.
The ogre hits you but does no damage.
Unknown command.
Grinder gestures at you.
You suddenly lose the ability to move!
The ogre hits you with a +0 giant club. Grinder gestures at you.
Pain shoots through your body!
The centaur is no longer blind.
Grinder gestures at you. Pain shoots through your body!
The ogre hits you with a +0 giant club!
* * * LOW HITPOINT WARNING * * *
You can move again.
Unknown command.
Unknown command.
A red film seems to cover your vision as you go berserk!
You feel yourself moving faster!
You feel mighty!
The centaur hits you with the +5 hand axe "With Two Names" {heavy, rN++ MP+9 Str-4}!
You die...

#....... .. #.... ........
..##._.. .##..... ... .....5#
...... ....... #...#.##. . #....
.......###....... ..#....
...........#..# .....
#.........#c.####... ...
#..........O@....... #.
..#........)..###..... #
.............## ... #
###........# . # ##...##...#....
##.##....##...#..#......... .
..........#.....##........# ..
...##)....#..#...#........#.###.
............##..................


You could see Grinder, an ogre and a centaur.

Vanquished Creatures
  Duvessa (D:4)
  An ogre (D:5)
  A kobold brigand (D:6)
  2 bullfrogs (D:6)
  Dowan (D:4)
  3 killer bees
  A hound (D:6)
  2 jellies
  5 iguanas (D:5)
  A sleepcap (D:5)
  Natasha (twice) (D:2)
  Robin (D:3)
  6 adders
  A white imp (D:4)
  An ufetubus (D:5)
  A worm (D:3)
  2 dart slugs
  7 orcs
  8 endoplasms
  5 giant cockroaches
  13 goblins
  12 hobgoblins
  10 jackals
  2 quokkas
  7 ball pythons
  3 bats
  6 frilled lizards
  9 kobolds
  6 rats
120 creatures vanquished.

Notes
Turn   | Place    | Note
-------+----------+-------------------------------------------
     0 | D:1      | zazu2006 the Gnoll Wanderer began the quest for the Orb.
     0 | D:1      | zazu2006 set off with the following items: a +0 dagger, 9
                  | poisoned darts, a potion of berserk rage, a +0 robe; and
                  | the following spells available to memorise: Apportation,
                  | Sting, Blink, Lesser Beckoning, Spider Form.
     0 | D:1      | Reached XP level 1. HP: 17/17 MP: 4/4
     2 | D:1      | Learned a level 1 spell: Sting
   236 | D:1      | Reached XP level 2. HP: 23/23 MP: 3/5
   802 | D:1      | Found Poatoal's Jewellery Shoppe.
   940 | D:2      | Reached XP level 3. HP: 9/28 MP: 0/7
   963 | D:2      | Reached skill level 1 in Invocations
   981 | D:2      | Learned a level 2 spell: Blink
  1146 | D:2      | Noticed Natasha
  1148 | D:2      | Found a faded altar of an unknown god.
  1212 | D:2      | Killed Natasha
  1213 | D:2      | Reached skill level 1 in Short Blades
  1213 | D:2      | Reached skill level 1 in Long Blades
  1213 | D:2      | Reached skill level 1 in Axes
  1213 | D:2      | Reached skill level 1 in Maces & Flails
  1213 | D:2      | Reached skill level 1 in Polearms
  1213 | D:2      | Reached skill level 1 in Staves
  1213 | D:2      | Reached skill level 1 in Ranged Weapons
  1213 | D:2      | Reached skill level 1 in Armour
  1213 | D:2      | Reached skill level 1 in Dodging
  1213 | D:2      | Reached skill level 1 in Stealth
  1213 | D:2      | Reached skill level 1 in Shields
  1213 | D:2      | Reached skill level 1 in Unarmed Combat
  1213 | D:2      | Reached skill level 1 in Evocations
  1213 | D:2      | Reached XP level 4. HP: 33/34 MP: 3/8
  1404 | D:2      | Reached skill level 1 in Conjurations
  1404 | D:2      | Reached skill level 1 in Hexes
  1404 | D:2      | Reached skill level 1 in Summonings
  1404 | D:2      | Reached skill level 1 in Necromancy
  1404 | D:2      | Reached skill level 1 in Fire Magic
  1404 | D:2      | Reached skill level 1 in Ice Magic
  1404 | D:2      | Reached skill level 1 in Air Magic
  1404 | D:2      | Reached skill level 1 in Earth Magic
  1404 | D:2      | Reached skill level 1 in Poison Magic
  1675 | D:2      | Noticed Natasha
  1681 | D:2      | Got Plato's Volume of Immolation
  1709 | D:2      | Killed Natasha
  1710 | D:2      | Reached XP level 5. HP: 34/40 MP: 3/9
  1926 | D:3      | Noticed Robin
  2030 | D:3      | Killed Robin
  3089 | D:4      | Noticed Duvessa
  3089 | D:4      | Noticed Dowan
  3388 | D:4      | Found a broken altar of Ashenzari.
  3669 | D:4      | Reached XP level 6. HP: 45/47 MP: 3/11
  3800 | D:4      | Killed Duvessa
  3801 | D:4      | Reached skill level 5 in Throwing
  3818 | D:4      | Killed Dowan
  3968 | D:4      | Found a white marble altar of Elyvilon.
  4223 | D:5      | Entered Level 5 of the Dungeon
  4454 | D:5      | Reached XP level 7. HP: 41/52 MP: 7/12
  4744 | D:5      | Found Acaifih's Book Shoppe.
  5413 | D:6      | Learned a level 3 spell: Dazzling Flash
  5460 | D:6      | Reached XP level 8. HP: 50/60 MP: 4/14
  5747 | D:6      | Identified the +5 hand axe "With Two Names" {heavy, rN++
                  | MP+9 Str-4}
  5758 | D:6      | Found a shadowy altar of Dithmenos.
  5760 | D:6      | Noticed Grinder
  5761 | D:6      | Paralysed by Grinder for 4 turns
  5765 | D:6      | Mangled by a centaur

Illustrated notes

Levels and vault maps discovered:
D:1:      minmay_arrival_stone_box, layout_loops_ring, serial_shops,
          shop_fountains
D:2:      layout_rooms, shapermc_ecumenical_altar_rom_forum, uniq_natasha
D:3:      layout_basic, amcnicky_mini_rare_corridor_liquid, grunt_ministairs_13,
          uniq_robin
D:4:      layout_cave_pools, mainiacjoe_overflow_cross_hatched,
          ashenzari_conservatory_becter, roderic_serpentine_path,
          nicolae_the_louvre, uniq_duvessa
D:5:      layout_loops_ring, serial_shops, shop
D:6:      layout_cave_pools, mainiacjoe_overflow_tiny_flanked, uniq_grinder

Skill      XL: |  1  2  3  4  5  6  7 |
---------------+----------------------+-----
Invocations    | 1 2 3 |  3.5
Short Blades   | 1 2 3 |  3.2
Long Blades    | 1 2 3 |  3.2
Axes           | 1 2 3 |  3.2
Maces & Flails | 1 2 3 |  3.2
Polearms       | 1 2 3 |  3.2
Staves         | 1 2 3 |  3.2
Ranged Weapons | 1 2 3 |  3.2
Armour         | 1 2 3 |  3.2
Dodging        | 1 2 3 |  3.2
Stealth        | 1 2 3 |  3.2
Shields        | 1 2 3 |  3.2
Unarmed Combat | 1 2 3 |  3.2
Spellcasting   | 3 4 |  4.3
Evocations     | 1 2 3 |  3.2
Conjurations   | 1 2 |  2.6
Hexes          | 1 2 |  2.6
Summonings     | 1 2 |  2.6
Necromancy     | 1 2 |  2.6
Fire Magic     | 1 2 |  2.6
Ice Magic      | 1 2 |  2.6
Air Magic      | 1 2 |  2.6
Earth Magic    | 1 2 |  2.6
Poison Magic   | 1 2 |  2.6
Fighting       | 3 4 |  4.2
Translocations | 4 |  4.6
Throwing       | 5 |  5.6
Transmutations | |  7.6

Action                     |  1- 3 |  4- 6 |  7- 9 || total
---------------------------+-------+-------+-------++-------
  Melee: Dagger            |    21 |    56 |    37 ||   114
         Bite              |     3 |     8 |     6 ||    17
         Punch             |       |       |     2 ||     2
  Throw: Dart              |    15 |    13 |     4 ||    32
   Cast: Sting             |    50 |   164 |    61 ||   275
         Dazzling Flash    |       |       |     1 ||     1
    Use: Potion            |       |       |     1 ||     1
 Armour: Robe              |    10 |    42 |    21 ||    73
  Dodge: Dodged            |    29 |    85 |    63 ||   177

Table legend: (Time is in decaauts)
 A = Elapsed time spent in this place.
 B = Non-inter-level travel time spent in this place.
 C = Inter-level travel time spent in this place.
 D = Time resting spent in this place.
 E = Time spent auto-exploring this place.
 F = Levels seen in this place.
 G = Mean time per level.
                   A        B        C        D        E       F      G
               +--------+--------+--------+--------+--------+-----+--------+
         Total |   5756 |   5654 |    102 |    181 |   4362 |   6 |  959.3 |
       Dungeon |   5756 |   5654 |    102 |    181 |   4362 |   6 |  959.3 |
               +--------+--------+--------+--------+--------+-----+--------+

Top non-repeatable levels by time:
     D:3: 1199 daAuts
     D:5: 1160 daAuts
     D:4: 1062 daAuts
     D:2: 1055 daAuts
     D:1: 903 daAuts
     D:6: 376 daAuts
